Map: Blackpink LE

Players

Guru

  • Race: Zerg Zerg
  • Spawn Location: 7:00

Cham - Winner!

  • Race: Zerg Zerg
  • Spawn Location: 1:00

Event: WCS Leipzig 2018

VOD

Have the link to the VOD?

Description

Time

  • Played on: Jan. 26, 2018, 9:34 a.m.
  • Length: 9:50

All games in this series

Show
View Real Time Build Order
Export as new Build Order

Guru Zerg 

Build Orders: Hatch First 

Get SALT Encoding   

  12  0:00  Drone  
  13  0:12  Overlord  
  13  0:17  Drone  
  14  0:31  Drone x2  
  14  0:34  Drone  
  17  0:53  Hatchery  
  17  0:55  Drone  
  17  0:57  Drone  
  18  1:08  Extractor  
  17  1:12  Spawning Pool  
  17  1:15  Drone  
  17  1:18  Drone  
  18  1:28  Drone  
  19  1:58  Queen  
  19  1:59  Zergling x2  
  22  2:04  Queen  
  22  2:06  Zergling x2  
  22  2:08  Drone x2, Metabolic Boost  
  27  2:11  Drone  
  28  2:24  Hatchery  
  28  2:25  Drone  
  28  2:31  Overlord  
  28  2:40  Overlord  
  28  2:49  Drone  
  28  2:50  Drone x3  
  32  3:00  Queen  
  34  3:06  Zergling x6  
  34  3:07  Zergling x4  
  34  3:09  Drone  
  34  3:12  Drone x2  
  42  3:23  Baneling Nest  
  42  3:24  Overlord  
  42  3:25  Drone x2  
  43  3:32  Overlord  
  43  3:34  Drone  
  44  3:39  Overlord  
  44  3:45  Overlord  
  44  3:47  Zergling x2  
  44  3:48  Zergling x6  
  46  3:54  Zergling x6  
  47  4:00  Drone  
  47  4:03  Zergling x4  
  47  4:04  Zergling x2  
  47  4:07  Baneling x2  
  47  4:08  Zergling x2  
  51  4:11  Baneling x2  
  51  4:17  Zergling x6  
  53  4:28  Zergling x4  
  53  4:29  Zergling x12  
  53  4:30  Zergling x2  
  52  4:36  Zergling x4  
  54  4:41  Queen  
  54  4:44  Drone  
  57  4:49  Baneling x2  
  56  4:54  Zergling x2  
  56  4:57  Zergling x2  
  56  4:58  Zergling x2  
  56  4:59  Zergling x4  
  61  5:01  Queen  
  61  5:05  Drone  
  63  5:08  Drone  
  63  5:11  Drone  
  62  5:18  Zergling x2  
  56  5:23  Drone x2  
  56  5:24  Drone  
  56  5:25  Baneling x4  
  56  5:27  Drone x4  
  62  5:29  Drone x2  
  62  5:32  Zergling x2  
  62  5:33  Zergling x6  
  66  5:41  Zergling x2  
  66  5:43  Roach Warren  
  66  5:44  Zergling x4  
  64  5:52  Extractor  
  64  5:53  Baneling x2  
  64  5:54  Zergling x4  
  65  6:03  Baneling x2  
  65  6:05  Drone  
  65  6:06  Drone x3, Extractor  
  65  6:07  Drone x3  
  65  6:08  Drone x2, Overlord  
  65  6:09  Evolution Chamber  
  72  6:12  Overlord  
  72  6:16  Overlord  
  71  6:19  Overlord x2  
  71  6:25  Overlord  
  71  6:27  Overlord  
  71  6:31  Overlord  
  70  6:33  Roach  
  70  6:34  Roach x3  
  70  6:35  Overlord  
  70  6:39  Drone x2  
  77  6:48  Zerg Missile Weapons Level 1  
  77  6:50  Drone  
  77  6:52  Extractor  
  77  6:53  Drone x3  
  80  6:54  Lair  
  80  6:55  Drone  
  81  7:06  Drone x7  
  81  7:07  Drone x2  
  89  7:09  Roach, Extractor  
  89  7:10  Extractor  
  89  7:19  Roach x3  
  95  7:24  Overlord  
  95  7:26  Roach x2  
  95  7:28  Overlord  
  99  7:30  Roach x3  
  99  7:31  Overlord  
  99  7:33  Roach  
  99  7:34  Roach  
  110  7:41  Spore Crawler  
  110  7:42  Drone x2  
  110  7:45  Spore Crawler x2  
  110  7:46  Drone  
  110  7:48  Overlord  
  110  7:49  Queen  
  105  7:52  Glial Reconstitution  
  105  7:56  Drone x2  
  105  7:58  Infestation Pit  
  106  7:59  Queen  
  108  8:06  Spore Crawler  
  104  8:17  Overlord  
  104  8:26  Drone  
  105  8:27  Extractor  
  105  8:28  Hydralisk Den  
  97  8:34  Infestor x3  
  97  8:38  Drone x4  
  97  8:39  Drone x4  
  97  8:41  Drone  
  110  8:45  Roach  
  110  8:46  Roach  
  108  8:51  Roach x2  
  91  8:56  Drone x4  
  91  8:57  Infestor  
  91  8:59  Roach x2  
  91  9:01  Drone x2  
  91  9:02  Drone x4  
  102  9:03  Drone x2  
  106  9:10  Roach x2  
  108  9:19  Roach x2  
  108  9:21  Drone x2  
  108  9:22  Roach, Spore Crawler  
Show
View Real Time Build Order
Export as new Build Order

Cham Zerg - Winner!

Build Orders: Hatch First, Muta Ling Bane 

Get SALT Encoding   

  12  0:00  Drone  
  13  0:07  Drone  
  14  0:17  Overlord  
  14  0:35  Drone  
  14  0:36  Drone x2  
  17  0:51  Hatchery  
  17  0:54  Drone  
  17  0:58  Drone  
  17  0:59  Extractor  
  17  1:13  Spawning Pool  
  17  1:15  Drone  
  17  1:19  Drone  
  18  1:30  Drone  
  19  1:45  Overlord  
  19  1:51  Drone  
  20  1:59  Queen  
  20  2:00  Metabolic Boost  
  22  2:03  Drone, Queen  
  25  2:11  Drone  
  26  2:25  Hatchery  
  26  2:27  Drone  
  26  2:29  Drone  
  27  2:36  Queen  
  29  2:39  Drone  
  29  2:42  Drone  
  31  2:52  Baneling Nest  
  31  2:55  Zergling x4  
  31  2:57  Drone  
  33  2:59  Drone  
  33  3:00  Drone  
  33  3:01  Drone  
  36  3:08  Overlord  
  36  3:17  Overlord  
  36  3:28  Drone  
  36  3:30  Zergling x8  
  36  3:31  Zergling x2  
  42  3:39  Baneling  
  42  3:40  Baneling, Zergling x4  
  44  3:42  Drone  
  44  3:43  Zergling x2  
  44  3:44  Queen  
  44  3:46  Queen  
  49  3:49  Zergling x2  
  49  3:52  Zergling x4  
  48  3:57  Drone x2  
  48  3:59  Drone  
  48  4:02  Drone  
  52  4:03  Drone  
  52  4:09  Baneling x2  
  53  4:10  Overlord  
  53  4:14  Zergling x2  
  53  4:15  Zergling x4  
  53  4:16  Zergling x2  
  51  4:25  Zergling x4  
  51  4:30  Drone x2, Zergling x2  
  56  4:31  Drone  
  56  4:34  Drone  
  56  4:37  Lair  
  57  4:39  Extractor  
  57  4:40  Extractor  
  57  4:41  Drone  
  57  4:42  Drone, Extractor  
  57  4:45  Zergling x2  
  57  4:47  Drone  
  57  4:55  Drone, Zergling x2  
  57  4:56  Baneling x2  
  57  4:57  Zergling x2  
  59  5:05  Zergling x4  
  61  5:10  Zergling x8  
  61  5:13  Queen  
  61  5:26  Overlord  
  61  5:29  Baneling x2  
  61  5:31  Zergling x8  
  61  5:32  Zergling x2  
  66  5:42  Drone x2  
  65  5:43  Drone  
  65  5:46  Drone  
  65  5:47  Drone x3  
  66  5:52  Spire  
  66  5:54  Drone x3  
  66  5:56  Drone x4  
  72  5:58  Zergling x2  
  73  6:05  Baneling  
  73  6:06  Baneling, Drone  
  73  6:08  Overlord x2  
  73  6:10  Extractor  
  72  6:12  Extractor  
  72  6:18  Drone x2  
  73  6:19  Overlord  
  73  6:20  Overlord  
  73  6:28  Overlord  
  73  6:32  Hatchery  
  70  6:34  Drone x2  
  70  6:35  Drone x3  
  70  6:38  Overlord  
  74  6:40  Zergling x4  
  74  6:41  Zergling x6  
  74  6:44  Overlord  
  78  7:04  Mutalisk x7  
  78  7:07  Mutalisk  
  89  7:10  Mutalisk  
  89  7:11  Zergling x2  
  89  7:12  Zergling x2  
  89  7:15  Mutalisk  
  93  7:18  Zergling x4  
  93  7:19  Zergling x4  
  93  7:21  Overlord  
  99  7:23  Mutalisk  
  101  7:30  Mutalisk  
  101  7:32  Overlord  
  101  7:33  Drone x2  
  101  7:37  Mutalisk  
  105  7:39  Zergling x2  
  108  7:45  Mutalisk  
  108  7:47  Overlord x2  
  108  7:48  Overlord x2  
  109  7:51  Centrifical Hooks  
  107  8:00  Mutalisk  
  107  8:04  Mutalisk  
  111  8:07  Zergling x10  
  116  8:14  Mutalisk  
  116  8:15  Overlord x2  
  116  8:16  Zergling x6  
  121  8:22  Mutalisk  
  121  8:25  Mutalisk  
  121  8:36  Mutalisk x2  
  121  8:38  Zergling x4  
  121  8:39  Zergling x6, Overlord x2  
  121  8:40  Zergling x4  
  130  8:42  Zergling x2  
  130  8:44  Zergling x2  
  122  9:02  Zergling x14  
  124  9:03  Zergling x8  
  124  9:05  Baneling x12  
  124  9:09  Zergling x2  
  129  9:17  Zergling x6  
  124  9:19  Baneling x12  
  124  9:22  Mutalisk  
Tags
 
Add a new tag
Caveats
  • Supply blocks, unpowered buildings, or Contaminate may cause inaccurate times.
  • Supply counts are checked every 10 seconds.